 Dungeon Crawl Stone Soup version 0.29.1-15-g9cfb28693d (webtiles) character file.

Game seed: 8434143940517244907

1043 hawla the Firebug (level 8, -1/59 HPs)
             Began as a Meteoran Fire Elementalist on Apr 25, 2023.
             Was a Follower of Vehumet.
             Slain by an orc warrior
             ... wielding a +1 war axe of venom
              (10 damage)
             ... on level 7 of the Dungeon.
             The game lasted 00:11:08 (2315 turns).

hawla the Firebug (Meteoran Fire Elementalist)      Turns: 2315, Time: 00:11:08

Health: -1/59      AC:  7    Str: 10    XL:     8   Next: 78%
Magic:  19/19      EV: 13    Int: 19    God:    Vehumet [*.....]
Gold:   277        SH:  0    Dex: 14    Spells: 14/21 levels left

rFire   . . .      SeeInvis .   j - +1 great sword
rCold   . . .      Faith    +   (shield currently unavailable)
rNeg    . . .      Spirit   .   a - +0 robe
rPois   +          Reflect  .   m - +0 helmet
rElec   .          Harm     .   (no cloak)
rCorr   .          Rampage  .   s - +2 pair of gloves
Will    +....                   c - +0 pair of boots
Stlth   +.........              p - amulet of Jolovout {Faith rPois}
HPRegen 0.19/turn               (no ring)
MPRegen 0.16/turn               (no ring)

@: glowing
A: sense surroundings 1, otherworldly, glowing, explore regen, claws 1, talons 1
a: Renounce Religion


You were on level 7 of the Dungeon.
You worshipped Vehumet.
Vehumet was aware of your devotion.
You visited 2 branches of the dungeon, and saw 8 of its levels.
You also visited: Sewer.

You collected 277 gold pieces.

Inventory:

Hand Weapons
 j - a +1 great sword (weapon)
Armour
 a - a +0 robe (worn)
 c - a +0 pair of boots (worn)
 m - a +0 helmet (worn)
 s - a +2 pair of gloves (worn)
Jewellery
 p - the amulet of Jolovout (around neck) {Faith rPois}
   (You found it on level 5 of the Dungeon)

   [amulet of faith]

   It allows you to gain divine favour quickly.
   rPois:     It protects you from poison.
 r - an amulet of regeneration
Wands
 o - a wand of charming (10) (quivered)
Scrolls
 d - a scroll of acquirement {unknown}
 e - 2 scrolls of identify
 g - 2 scrolls of teleportation
 h - 2 scrolls of immolation {unknown}
 i - 2 scrolls of blinking {unknown}
 q - a scroll of amnesia {unknown}
Potions
 b - 3 potions of magic
 f - a potion of ambrosia
 k - 2 potions of attraction {unknown}
 l - 2 potions of might {unknown}
 n - 5 potions of flight
 t - a potion of curing {unknown}


   Skills:
 + Level 1.1 Fighting
 + Level 2.1 Long Blades
 + Level 3.8 Dodging
 - Level 1.4 Stealth
 + Level 7.1 Spellcasting
 + Level 4.3 Conjurations
 + Level 7.6 Fire Magic


You had 14 spell levels left.
You knew the following spells:

 Your Spells              Type           Power      Damage    Failure   Level
a - Foxfire               Conj/Fire      100%       2x1d9     1%          1
b - Scorch                Fire           70%        2d8       1%          2
c - Flame Wave            Conj/Fire      29%        2d9       9%          4

Your spell library contained the following spells:

 Spells                   Type           Power      Damage    Failure   Level
 Sandblast                Erth           12%        2d6       10%         1
 Conjure Flame            Conj/Fire      29%        6-21      2%          3
 Shock                    Conj/Air       60%        1d6       4%          1
 Inner Flame              Hex/Fire       21%        N/A       6%          3
 Swiftness                Air            6%         N/A       30%         3
 Airstrike                Air            3%         2d(1-17)  69%         4


Dungeon Overview and Level Annotations

Branches:
Dungeon (7/15) Zot: 2361   Temple (1/1) D:4 Zot: 523   Sewer (visited)

Altars:
Cheibriados
Dithmenos
Elyvilon
Fedhas
Gozag
Hepliaklqana
Kikubaaqudgha
Makhleb
Nemelex Xobeh
Okawaru
Ru
Sif Muna
Trog
Vehumet
Wu Jian
Yredelemnul
The Shining One


Innate Abilities, Weirdness & Mutations

You passively map a small area around you.
You are easily found by Zot.
You glow in the dark.
You regain HP and MP as you explore.
You have sharp fingernails.
You have sharp toenails.


Message History

Confirm with . or Enter, or press ? or * to list all spells.
Casting: Flame Wave (dangerous; 9% risk of failure)
Press: ? - help, Dir - look around, f - activate A wave of flame ripples out!
The flame wave engulfs the orc warrior.
The orc warrior is burned terribly!
The orc warrior is severely wounded.
The flame wave engulfs the orc priest!
The orc priest is burned terribly!
You kill the orc priest!
Vehumet accepts your kill.
You feel your power returning. (Press . to intensify the flame waves.)
The orc warrior hits you with a +1 war axe of venom!
A wave of flame ripples out!
The flame wave engulfs the orc warrior but does no damage.
The orc warrior is severely wounded.
The orc warrior hits you with a +1 war axe of venom!
* * * LOW HITPOINT WARNING * * *
Unknown command.
It was a potion of ambrosia.
You are confused.
You feel invigorated.
The orc warrior hits you with a +1 war axe of venom.
* * * LOW HITPOINT WARNING * * *
The orc wizard casts a spell.
The orc wizard flickers and vanishes!
Deactivating autopickup; reactivate with Ctrl-A.
You bump into the rock wall.
The orc warrior barely misses you.
You bump into the rock wall.
The orc warrior is no longer more vulnerable to fire.
The orc warrior closely misses you.
You bump into the rock wall.
The orc warrior hits you with a +1 war axe of venom!
* * * LOW HITPOINT WARNING * * *
You bump into the rock wall.
You feel less invigorated.
You feel less confused.
The orc warrior hits you with a +1 war axe of venom.
* * * LOW HITPOINT WARNING * * *
The orc warrior attacks as you move away!
The orc warrior hits you with a +1 war axe of venom!
You die...

** * , ,, , * ### ### ..#
#<# ** #.# #.# *
#.##########.###############
.................o..........
#.######..##.##.@####)####.#
#.# #.....##.###.# ,... *,
#.###.##..##.##..# ,,....# *
...........#.#...# ....#
#.###...##.#.....^, _...^.
#.#...####.####..# ....#.#
#.#.#.# #.#* #..# .?..#.#
....#.# #.# #..# , * *
..#.#.# #.#* #..# * *


You could see an orc warrior.

Vanquished Creatures
  Prince Ribbit (D:5)
  An orc warrior (D:5)
  An ogre (D:4)
  3 scorpions
  A bullfrog (D:5)
  2 hounds (D:5)
  3 orc priests (D:7)
  2 iguanas (D:5)
  2 orc wizards
  8 adders
  4 river rats (Sewer)
  A worm (D:5)
  11 orcs
  4 bats (Sewer)
  4 endoplasms
  4 giant cockroaches
  5 goblins (D:4)
  2 hobgoblins
  8 jackals
  A kobold (D:2)
  8 quokkas
  9 ball pythons
  5 frilled lizards
  A rat (D:2)
91 creatures vanquished.

Vanquished Creatures (others)
  144 foxfires
144 creatures vanquished.

Grand Total: 235 creatures vanquished

Notes
Turn   | Place    | Note
-------+----------+-------------------------------------------
     0 | D:1      | hawla the Meteoran Fire Elementalist began the quest for
                  | the Orb.
     0 | D:1      | Reached XP level 1. HP: 14/14 MP: 5/5
   111 | D:3      | Reached XP level 2. HP: 14/20 MP: 1/6
   280 | D:4      | Learned a level 2 spell: Scorch
   291 | D:4      | Found a burning altar of Makhleb.
   316 | D:4      | Reached XP level 3. HP: 17/26 MP: 5/8
   352 | D:4      | Reached XP level 4. HP: 33/33 MP: 5/9
   360 | D:4      | Found a sparkling altar of Nemelex Xobeh.
   383 | D:4      | Found a basalt altar of Yredelemnul.
   525 | D:4      | Noticed an ogre
   531 | D:4      | Killed an ogre
   532 | D:4      | Reached skill level 5 in Fire Magic
   532 | D:4      | Reached XP level 5. HP: 38/38 MP: 3/12
   595 | D:4      | Reached XP level 6. HP: 45/45 MP: 5/13
   622 | D:4      | Found a staircase to the Ecumenical Temple.
   635 | Temple   | Entered the Ecumenical Temple
   699 | Temple   | Became a worshipper of Vehumet
   763 | D:5      | Entered Level 5 of the Dungeon
   866 | D:5      | Reached skill level 5 in Spellcasting
   866 | D:5      | Reached XP level 7. HP: 39/51 MP: 6/15
  1034 | D:5      | Noticed Prince Ribbit
  1038 | D:5      | Killed Prince Ribbit
  1043 | D:5      | Reached skill level 1 in Long Blades
  1043 | D:5      | Reached XP level 8. HP: 43/58 MP: 5/18
  1051 | D:5      | Found a glowing drain.
  1079 | Sewer    | Entered a sewer
  1085 | Sewer    | Learned a level 4 spell: Flame Wave
  1160 | Sewer    | Reached * piety under Vehumet
  1160 | Sewer    | Offered knowledge of Sandblast by Vehumet.
  1235 | Sewer    | Gained mutation: You have sharp fingernails. [potion of
                  | mutation]
  1235 | Sewer    | Gained mutation: You have sharp toenails. [potion of
                  | mutation]
  1466 | Sewer    | Glimpsed the power of Zot.
  1616 | D:5      | Identified the amulet of Jolovout {Faith rPois}
  2051 | D:5      | Reached skill level 1 in Fighting
  2297 | D:7      | Found an ancient bone altar of Kikubaaqudgha.
  2315 | D:7      | Slain by an orc warrior

Illustrated notes

Levels and vault maps discovered:
D:1:      psy_arrival_statuary, layout_basic
D:2:      layout_basic, basic_altar, hangedman_decor_points,
          grunt_decor_resistance, uniq_crazy_yiuf_cottage
D:3:      layout_loops_cross, chequers_jeans, uniq_grinder
D:4:      layout_loops_ring, nicolae_overflow_crystal_walls,
          mainiacjoe_overflow_tiny_flanked, kennysheep_mini_moat, temple_statues
D:5:      layout_cave_pods, gup_sewer_entry_glass, minmay_small_thing,
          uniq_prince_ribbit1
D:6:      layout_basic
D:7:      layout_basic, lemuel_tele_altar
Temple:   nicolae_temple_god_jail

Skill      XL: |  1  2  3  4  5  6  7  8 |
---------------+-------------------------+-----
Fire Magic     | 4 5 6 7 |  7.6
Spellcasting   | 3 4 5 6 7 |  7.1
Dodging        | 3 |  3.8
Conjurations   | 2 3 4 |  4.3
Long Blades    | 1 2 |  2.1
Fighting       | 1 |  1.1
Stealth        | |  1.4

Action                   |  1- 3 |  4- 6 |  7- 9 || total
-------------------------+-------+-------+-------++-------
Melee: Unarmed           |     6 |     6 |       ||    12
       Great sword       |       |    11 |    25 ||    36
 Cast: Foxfire           |    25 |    30 |    30 ||    85
       Scorch            |       |    12 |    28 ||    40
       Flame Wave        |       |       |     5 ||     5
  Use: Scroll            |     1 |     5 |     1 ||     7
       Potion            |       |       |     2 ||     2
Armor: Robe              |     4 |    16 |    17 ||    37
Dodge: Dodged            |     5 |    30 |    35 ||    70
